 Dungeon Crawl Stone Soup version 0.23-a0-175-g97aacdb (webtiles) character file.

13373 Inarius the Fighter (level 11, -4/92 HPs)
             Began as a Mummy Fighter on Sept 14, 2018.
             Was an Initiate of Gozag.
             Killed by divine providence
             ... invoked by a daeva
              (13 damage)
             ... on level 2 of the Abyss on Sept 16, 2018.
             The game lasted 00:28:30 (13924 turns).

Inarius the Fighter (Mummy Fighter)                Turns: 13924, Time: 00:28:31

Health: -4/92      AC: 20    Str: 23      XL:     11   Next: 74%
Magic:  12/12      EV:  7    Int:  7      God:    Gozag
Gold:   1445       SH:  4    Dex: 16 (17) Spells: 10/10 levels left

rFire    . . .     SeeInvis .   C - +8 great mace (distort)
rCold    + . .     Gourm    .   (shield currently unavailable)
rNeg     + + +     Faith    .   G - +0 plate armour
rPois    ∞         Spirit   .   A - +2 hat
rElec    .         Reflect  +   u - +0 cloak "Aji Doo" {rN+}
rCorr    +         Harm     .   B - +2 pair of gloves
MR       +....                  (no boots)
Stlth    ..........             f - +4 amulet of reflection
HPRegen  0.25/turn              a - ring of protection from fire
MPRegen  0.13/turn              d - ring "Taiwat" {rCorr Dex+5}

@: gold aura, very slightly contaminated
A: no food or potions, fire vulnerability, cold resistance 1, negative energy
resistance 3, torment resistance, unbreathing
a: Potion Petition, Call Merchant, Bribe Branch, Renounce Religion


You were on level 2 of the Abyss.
You worshipped Gozag.
Gozag was most pleased with you.
You were not hungry.

You visited 2 branches of the dungeon, and saw 13 of its levels.
You visited the Abyss 1 time.

You collected 2681 gold pieces.
You spent 1169 gold pieces at shops.
You paid 67 gold pieces to Gozag.

Inventory:

Hand Weapons
 i - a +1 short sword of speed
 n - a +2 falchion of electrocution
 C - a +8 great mace of distortion (weapon)
Missiles
 b - 13 tomahawks (quivered)
Armour
 e - a +2 large shield
 u - the +0 cloak "Aji Doo" (worn) {rN+}
   (You found it on level 6 of the Dungeon)

   It protects you from negative energy.
 A - a +2 hat (worn)
 B - a +2 pair of gloves (worn)
 G - a +0 plate armour (worn)
 H - a +0 cloak
Magical Staves
 v - an uncursed staff of power
Jewellery
 a - a ring of protection from fire (left hand)
 d - the ring "Taiwat" (right hand) {rCorr Dex+5}
   (You found it on level 7 of the Dungeon)

   [ring of resist corrosion]

   It affects your dexterity (+5).
 f - a +4 amulet of reflection (around neck)
 m - an uncursed ring of wizardry
 o - an uncursed ring of protection from magic
 F - an uncursed ring of resist corrosion {unknown}
Wands
 h - a wand of polymorph (10)
 q - a wand of random effects (21)
 s - a wand of flame (23)
 t - a wand of digging (19)
 y - a wand of acid (9)
 z - a wand of iceblast (7)
 E - a wand of scattershot (15)
Scrolls
 c - a scroll of summoning
 g - a scroll of blinking
 j - a scroll of immolation
 k - 2 scrolls of remove curse
 l - 3 scrolls of enchant armour
 p - 3 scrolls of identify
 r - a scroll of teleportation
 w - 2 scrolls of enchant weapon {unknown}
 x - a scroll of silence
 D - a scroll of amnesia {unknown}


   Skills:
 * Level 10.4 Fighting
 - Level 1.6 Long Blades
 + Level 6.4 Maces & Flails
 + Level 1.8 Throwing
 + Level 7.4 Armour
 + Level 0.5 Dodging
 - Level 9.5 Shields
 + Level 2.5 Evocations


You had 10 spell levels left.
You didn't know any spells.
Your spell library contained the following spells:

 Spells                   Type           Power        Failure   Level  Hunger
 Animate Skeleton         Necr           N/A          100%        1    N/A
 Apportation              Tloc           #.....       100%        1    N/A
 Confusing Touch          Hex            #.....       100%        1    N/A
 Magic Dart               Conj           #...         100%        1    N/A
 Summon Small Mammal      Summ           #...         100%        1    N/A
 Blink                    Tloc           N/A          100%        2    N/A
 Call Imp                 Summ           #.......     100%        2    N/A
 Poisonous Vapours        Pois/Air       #.....       100%        2    N/A
 Slow                     Hex            #.......     100%        2    N/A
 Call Canine Familiar     Summ           #.......     100%        3    N/A
 Conjure Flame            Conj/Fire      #.......     100%        3    N/A
 Mephitic Cloud           Conj/Pois/Air  #.......     100%        3    N/A
 Summon Guardian Golem    Hex/Summ       #.......     100%        3    N/A
 Summon Ice Beast         Ice/Summ       #.......     100%        4    N/A
 Summon Lightning Spire   Summ/Air       #.......     100%        4    N/A
 Freezing Cloud           Conj/Ice/Air   #.........   100%        6    N/A
 Ring of Flames           Chrm/Fire      #.........   100%        7    N/A

Dungeon Overview and Level Annotations

Branches:
Dungeon (12/15)            Temple (1/1) D:4            Lair (0/6) D:8
    Orc (0/2) D:9

Altars:
Ashenzari
Cheibriados
Dithmenos
Elyvilon
Fedhas
Gozag
Hepliaklqana
Kikubaaqudgha
Qazlal
Sif Muna
Xom
Yredelemnul
Zin
The Shining One

Shops:
D:8 (   D:9 ?

Annotations:
D:6 3 runed doors, Nib's ghost, novice MiBe
D:12 Sonja


Innate Abilities, Weirdness & Mutations

You do not eat or drink.
Your flesh is vulnerable to fire.
You are immune to poison.
Your flesh is cold resistant. (rC+)
You are immune to negative energy. (rN+++)
You are immune to unholy pain and torment.
You can survive without breathing.


Message History

You hit the iron imp.
The iron imp is moderately wounded.
The iron imp blinks!
The daeva calls down the wrath of the Shining One upon you.
The Shining One smites you!
* * * LOW HITPOINT WARNING * * *
The daeva calls down the wrath of the Shining One upon you.
The Shining One smites you!
* * * LOW HITPOINT WARNING * * *
Okay, then.
Blink to where?
Press: ? - help, Dir - move target cursor You are very lightly contaminated with residual magic.
As you read the scroll of blinking, it crumbles to dust.
Found 46 gold pieces.
You now have 1445 gold pieces (gained 46).
The daeva calls down the wrath of the Shining One upon you.
The Shining One smites you!
You die...
Your body crumbles into a pile of gold.

# ## .. ##... ..#
..#. . # ... ...
. #.. ... ..# . .
# #.# ..# .... .
###.##..# ..##
#.. #...#@# .. #
%.. ###.#.## ..
.### #.#..#.# #
..##.
.##..##.#..# .#.
.#.##.A#....#.#
.#.##
.#...#..###.##
#.... #..###..
#.. . #.#.#.#
.... ###
..#...##.##.#.##.


You could see a daeva.

Vanquished Creatures
  3 two-headed ogres
  A large abomination (Abyss:2)
  An efreet (Abyss:2)
  A demonic crawler (Abyss:2)
  A polar bear (D:8)
  A merfolk (D:11)
  2 hornets
  A hippogriff (D:8)
  17 yaks
  A wyvern (D:10)
  A vampire mosquito (D:12)
  3 water moccasins
  Duvessa (D:5)
  6 orc warriors
  2 swamp drakes (D:10)
  2 ice beasts
  2 sky beasts
  3 wolves (D:8)
  3 ogres
  A necrophage (D:9)
  4 centaurs
  A big kobold (D:9)
  Blork the orc (D:5)
  5 bullfrogs
  A wyvern zombie (D:7)
  A gnoll sergeant (D:8)
  Dowan (D:5)
  4 scorpions
  5 killer bees (D:11)
  An electric eel (D:8)
  3 howler monkeys
  7 crimson imps
  A bullfrog zombie (D:7)
  A centaur zombie (D:4)
  3 jellies
  4 quasits
  5 starcursed masses (Abyss:2)
  8 orc priests
  8 hounds
  5 orc wizards
  3 iguanas
  3 worker ants
  A hound zombie (D:5)
  A killer bee simulacrum (D:8)
  3 worker ant zombies
  4 gnolls (D:8)
  2 howler monkey skeletons
  15 adders
  A hound simulacrum (D:8)
  A river rat (D:10)
  A shadow imp (D:8)
  3 white imps (D:8)
  An ufetubus (D:8)
  An adder skeleton (D:5)
  An adder zombie (D:5)
  4 worms
  2 dart slugs (D:2)
  5 leopard geckos
  33 orcs
  A ball python (D:3)
  6 giant cockroaches
  2 goblins (D:3)
  8 hobgoblins
  10 jackals
  7 quokkas
  2 ball python zombies
  7 bats
  6 frilled lizards
  A jackal skeleton (D:5)
  10 kobolds
  A leopard gecko simulacrum (D:8)
  A quokka simulacrum (D:8)
  A quokka skeleton (D:8)
  4 rats
274 creatures vanquished.

Vanquished Creatures (others)
  A flayed ghost (Abyss:2)
  An ugly thing (D:11)
  A gargoyle (D:10)
  5 dream sheep (D:6)
  A warg (D:9)
  An orc warrior (D:10)
  A sky beast (D:12)
  A centaur (D:6)
  A crocodile (D:11)
  A bullfrog (D:11)
14 creatures vanquished.

Grand Total: 288 creatures vanquished

Notes
Turn   | Place    | Note
-------+----------+-------------------------------------------
     0 | D:1      | Inarius the Mummy Fighter began the quest for the Orb.
     0 | D:1      | Reached XP level 1. HP: 18/18 MP: 1/1
   717 | D:2      | Reached XP level 2. HP: 19/24 MP: 2/2
   967 | D:2      | Reached XP level 3. HP: 21/29 MP: 3/3
  1654 | D:2      | Found a hazy altar of Hepliaklqana.
  1718 | D:2      | Reached XP level 4. HP: 28/37 MP: 4/4
  1870 | D:3      | Found a deep blue altar of Sif Muna.
  2005 | D:3      | Found a glowing golden altar of the Shining One.
  2045 | D:3      | Reached skill level 4 in Fighting
  2885 | D:4      | Reached XP level 5. HP: 39/42 MP: 5/5
  3358 | D:4      | Found a staircase to the Ecumenical Temple.
  3401 | Temple   | Entered the Ecumenical Temple
  3445 | Temple   | Became a worshipper of Gozag Ym Sagoz the Greedy
  3483 | D:5      | Entered Level 5 of the Dungeon
  3512 | D:5      | Noticed a centaur
  3524 | D:5      | Killed a centaur
  3524 | D:5      | Reached XP level 6. HP: 32/49 MP: 6/6
  3906 | D:5      | Reached XP level 7. HP: 55/55 MP: 7/7
  4180 | D:5      | Reached skill level 5 in Fighting
  4180 | D:5      | Reached skill level 5 in Shields
  4353 | D:5      | Noticed Blork the orc
  4376 | D:5      | Killed Blork the orc
  4905 | D:5      | Noticed Duvessa
  4905 | D:5      | Noticed Dowan
  4915 | D:5      | Killed Duvessa
  4925 | D:5      | Killed Dowan
  4925 | D:5      | Reached XP level 8. HP: 59/63 MP: 8/8
  5231 | D:6      | Reached skill level 6 in Fighting
  5264 | D:6      | Found a runed gate.
  5264 | D:6      | Found a runed gate.
  5364 | D:6      | Got a dazzling cloak
  5370 | D:6      | Identified the +0 cloak "Aji Doo" {rN+} (You found it on
                  | level 6 of the Dungeon)
  5372 | D:6      | Noticed Nib's ghost (novice MiBe)
  5538 | D:6      | Found a runed gate.
  5546 | D:6      | Reached skill level 1 in Throwing
  5546 | D:6      | Reached skill level 5 in Armour
  5691 | D:6      | Found a stormy altar of Qazlal.
  5728 | D:6      | Found a shattered altar of Ashenzari.
  5810 | D:6      | Found a shimmering altar of Xom.
  5810 | D:6      | Noticed a dream sheep
  5810 | D:6      | Noticed a dream sheep
  5810 | D:6      | Noticed a dream sheep
  5810 | D:6      | Noticed a dream sheep
  5810 | D:6      | Noticed a dream sheep
  5815 | D:6      | Killed a dream sheep
  5816 | D:6      | Killed a dream sheep
  5816 | D:6      | Killed a dream sheep
  5816 | D:6      | Killed a dream sheep
  5817 | D:6      | Killed a dream sheep
  6185 | D:7      | Reached XP level 9. HP: 71/71 MP: 9/9
  6205 | D:7      | Got a pitted ivory ring
  6207 | D:7      | Identified the ring "Taiwat" {rCorr Dex+5} (You found it on
                  | level 7 of the Dungeon)
  6359 | D:8      | Found Adytunud's Antique Weapon Shoppe.
  6367 | D:8      | Bought a faintly glowing mace for 232 gold pieces
  6367 | D:8      | Bought a crude rapier for 261 gold pieces
  6367 | D:8      | Identified the cursed +3 mace of Instinct {speed, Fragile
                  | +Blink rC+ Str+7} (You bought it in a shop on level 8 of
                  | the Dungeon)
  6569 | D:8      | Reached skill level 1 in Maces & Flails
  6673 | D:8      | Reached skill level 7 in Fighting
  6815 | D:8      | Identified the cursed +2 rapier of Ogheexaali {venom, rC+}
                  | (You bought it in a shop on level 8 of the Dungeon)
  6850 | D:8      | Upgraded the game from 0.23-a0-171-g5ae17c6 to
                  | 0.23-a0-175-g97aacdb
  7929 | D:8      | Noticed a polar bear
  7995 | D:8      | Killed a polar bear
  8072 | D:8      | Found a staircase to the Lair.
  8093 | D:8      | Reached skill level 1 in Evocations
  8454 | D:9      | Noticed a two-headed ogre
  8474 | D:9      | Killed a two-headed ogre
  8474 | D:9      | Reached skill level 8 in Fighting
  8474 | D:9      | Reached XP level 10. HP: 32/80 MP: 9/11
  8777 | D:9      | Found a shimmering altar of Xom.
  9187 | D:9      | Found Vyuqeom's Magic Scroll Emporium.
  9190 | D:9      | Bought a scroll of acquirement for 676 gold pieces
  9239 | D:9      | Found an ancient bone altar of Kikubaaqudgha.
  9351 | D:9      | Found a staircase to the Orcish Mines.
 10073 | D:10     | Entered Level 10 of the Dungeon
 10109 | D:10     | Reached skill level 9 in Fighting
 10485 | D:10     | Noticed a gargoyle
 10490 | D:10     | Banished a gargoyle
 10752 | D:10     | Reached XP level 11. HP: 87/89 MP: 12/12
 11206 | D:11     | Noticed a two-headed ogre
 11214 | D:11     | Killed a two-headed ogre
 11218 | D:11     | Noticed a purple ugly thing
 11744 | D:11     | Banished a purple ugly thing
 12020 | D:11     | Noticed a two-headed ogre
 12249 | D:11     | Reached skill level 5 in Maces & Flails
 12537 | D:11     | Killed a two-headed ogre
 12537 | D:11     | Reached skill level 10 in Fighting
 12705 | D:12     | Noticed a white ugly thing
 12785 | D:12     | Noticed Sonja
 13082 | D:12     | Got a steaming ring mail
 13101 | D:12     | Identified the cursed +0 ring mail of the Mutiny {Dex+4
                  | SInv} (You found it on level 12 of the Dungeon)
 13484 | D:12     | Cast into level 2 of the Abyss (Sonja)
 13567 | Abyss:2  | Found a corrupted altar of Lugonu.
 13586 | Abyss:2  | Found a corrupted altar of Lugonu.
 13601 | Abyss:2  | Noticed a large abomination
 13606 | Abyss:2  | Noticed a flayed ghost
 13616 | Abyss:2  | Killed a large abomination
 13618 | Abyss:2  | Banished a flayed ghost
 13795 | Abyss:2  | Noticed a spatial maelstrom
 13807 | Abyss:2  | Noticed a starcursed mass
 13812 | Abyss:2  | Paralysed by accursed screaming for 2 turns
 13817 | Abyss:2  | Paralysed by accursed screaming for 1 turns
 13819 | Abyss:2  | HP: 3/92 [starcursed mass/accursed screaming (10)]
 13885 | Abyss:2  | Noticed a daeva
 13924 | Abyss:2  | Killed from afar by a daeva

Vault maps used:
D:1:      dpeg_arrival_castle, grunt_decor_mini_mirrors
D:2:      marbit_many_paths
D:3:      chequers_temple_overflow_statue_of_worship
D:4:      temple_green
D:5:      first_ration, uniq_duvessa, uniq_blork_the_orc
D:6:      nicolae_whirlpool, nicolae_qazlal_eye_of_the_storm,
          gammafunk_ghost_icy, basic_altar, grunt_decor_one_mirror,
          kb_xom_exploding_sheep
D:8:      cheibrodos_barr_body, lair_entry_dummy, serial_shops,
          nicolae_shop_statue_plus, serial_ice, serial_ice_a, serial_ice_c,
          serial_ice_j, serial_ice_b, serial_ice_m, serial_ice_f, serial_ice_o
D:9:      lemuel_coloured_pillars_altar, nicolae_overflow_crystal_walls,
          david_orc_1_choice, serial_shops, kennysheep_mini_moat
D:10:     pond
D:11:     hangedman_fish_farm
D:12:     minmay_misc_feat_nine_boxes, uniq_nergalle, uniq_sonja
Temple:   regret_index_temple_sphere_string

Skill      XL: |  1  2  3  4  5  6  7  8  9 10 11 |
---------------+----------------------------------+-----
Shields        | 3 4 5 7 8 9 |  9.5
Fighting       | 4 5 6 8 9 10 | 10.4
Armour         | 3 4 5 6 7 |  7.4
Throwing       | 1 |  1.8
Maces & Flails | 1 3 6 |  6.4
Evocations     | 1 2 |  2.5
Long Blades    | |  1.6
Dodging        | |  0.5

Action                   |  1- 3 |  4- 6 |  7- 9 | 10-12 || total
-------------------------+-------+-------+-------+-------++-------
Melee: Long sword        |   125 |       |     1 |       ||   126
       Short sword       |     7 |   111 |       |       ||   118
       Falchion          |       |   134 |   269 |       ||   403
       Mace              |       |       |   203 |    97 ||   300
       Great mace        |       |       |       |   289 ||   289
Throw: Tomahawk          |       |     1 |    13 |    13 ||    27
Invok: Potion Petition   |       |       |       |     1 ||     1
Evoke: Wand              |       |       |    27 |       ||    27
  Use: Scroll            |       |     4 |     8 |    11 ||    23
 Stab: Distracted        |       |       |       |     1 ||     1
Armor: Scale mail        |    52 |    46 |       |       ||    98
       Chain mail        |       |    68 |    94 |   192 ||   354
       Plate armour      |       |       |       |    32 ||    32
Dodge: Dodged            |    39 |    43 |    35 |   146 ||   263
Block: Shield            |   106 |   165 |       |       ||   271
       Reflection        |     1 |     1 |    15 |     3 ||    20
       Large shield      |       |    72 |   458 |    71 ||   601
       Other             |       |       |       |    54 ||    54
       Rpst.: Long sword |    14 |       |       |       ||    14
       Falchion          |       |     5 |     4 |       ||     9

Table legend:
 A = Non-vault XP
 B = Vault XP
 C = Vault XP percentage of total XP
 D = Non-vault monster count
 E = Vault monster count
 F = Vault count percentage of total count
                 A         B        C        D         E       F
            +---------+---------+-------+---------+---------+-------
      Total |   15478 |    3627 |  19.0 |     238 |      44 |  15.6
            +---------+---------+-------+---------+---------+-------
        D:1 |       9 |       0 |   0.0 |       6 |       0 |   0.0
        D:2 |     105 |       1 |   0.9 |      26 |       1 |   3.7
        D:3 |      42 |       0 |   0.0 |      16 |       0 |   0.0
        D:4 |     197 |       0 |   0.0 |      14 |       0 |   0.0
        D:5 |    1063 |     314 |  22.8 |      28 |       3 |   9.7
        D:6 |     422 |     112 |  21.0 |      19 |       1 |   5.0
        D:7 |     687 |       0 |   0.0 |      15 |       0 |   0.0
        D:8 |     336 |    1921 |  85.1 |      14 |      24 |  63.2
        D:9 |    3227 |     369 |  10.3 |      34 |       8 |  19.0
       D:10 |    1639 |     609 |  27.1 |      26 |       6 |  18.8
       D:11 |    4366 |     301 |   6.4 |      22 |       1 |   4.3
       D:12 |    1039 |       0 |   0.0 |       8 |       0 |   0.0
    Abyss:2 |    2346 |       0 |   0.0 |      10 |       0 |   0.0
            +---------+---------+-------+---------+---------+-------
